Cogmind - Beta 14 @@@ ROGUE MODE // 2024.11.08 @ 09:46:14 Player: WazdakkaGutsmek Result: Destroyed by Y-45 Defender with Beam Rifle Performance ------------- Evolutions (0) 0 Regions Visited (2) 400 Robots Destroyed (19) 95 Value Destroyed (464) 464 Prototype IDs (2) 40 Alien Tech Used (0) 0 Bonus (0) 0 TOTAL SCORE: 999 Bonus ------- None Cogmind --------- Core Integrity 0/250 Matter 294/300 Energy 77/100 System Corruption 0% Temperature Cool (21) Movement Treading (160) Location -10/Subcaves Parts ------- > --- POWER (1) -------- (None) > --- PROPULSION (2) --- Light Treads Light Treads > --- UTILITY (2) ------ Large Storage Unit > --- WEAPON (2) ------- Subdweller Beam Cannon Subdweller Machine Gun > --- INVENTORY (15) --- Light Treads Wheel Compact Wheel Structural Scanner Mining Claw Peak State ------------ > --- POWER ------------ Subdweller Power Source > --- PROPULSION ------- Light Treads Light Treads > --- UTILITY ---------- Large Storage Unit Subdweller Optics > --- WEAPON ----------- Subdweller Beam Cannon Subdweller Machine Gun > --- INVENTORY -------- Light Treads Wheel Compact Wheel Structural Scanner Mining Claw [Rating: 11] Favorites ----------- Power Ion Engine Engine Ion Engine Propulsion Light Treads Treads Light Treads Leg Aluminum Leg Utility Large Storage Unit Device Structural Scanner Storage Large Storage Unit Protection Light Armor Plating Weapon Medium Laser Energy Gun Medium Laser Energy Cannon Subdweller Beam Cannon Ballistic Gun Light Assault Rifle Launcher Grenade Launcher Slashing Weapon Mining Claw Build | -11 -10 -10 ------- Run | Yrd Mat Sub Slots Evolved . | . . . Power . | . . . Propulsion . | . . . Utility . | . . . Weapon . | . . . Parts Attached 16 | . 7 9 Power 4 | . 1 3 Engine 4 | . 1 3 Core . | . . . Reactor . | . . . Propulsion 3 | . 3 . Treads 3 | . 3 . Leg . | . . . Wheel . | . . . Hover . | . . . Flight . | . . . Utility 4 | . 2 2 Device 2 | . 1 1 Storage 1 | . 1 . Processor . | . . . Hackware . | . . . Protection 1 | . . 1 Artifact . | . . . Weapon 5 | . 1 4 Energy Gun 1 | . . 1 Energy Cannon 1 | . . 1 Ballistic Gun 1 | . . 1 Ballistic Cannon . | . . . Launcher 1 | . . 1 Special Weapon . | . . . Impact Weapon . | . . . Slashing Weapon 1 | . 1 . Piercing Weapon . | . . . Special Melee Weapon . | . . . Unidentified Prototypes . | . . . Parts Lost 4 | . 1 3 Power 2 | . 1 1 Propulsion . | . . . Utility 1 | . . 1 Weapon 1 | . . 1 Highest Loss Streak 1 | . 1 1 To Critical Strikes . | . . . Average Slot Usage (%) 91 | . 95 85 Engine 13 | . 14 12 Treads 19 | . 13 28 Leg 8 | . 14 . Device 7 | . 10 2 Storage 14 | . 14 14 Protection 2 | . . 6 Energy Gun 8 | . 13 . Energy Cannon 2 | . . 5 Ballistic Gun 12 | . 13 10 Launcher 1 | . . 4 Peak Build Rating 11 | 6 7 11 Average Rating 7 | 6 6 7 On Entrance 6 | 6 6 6 Naked Turns . | . . . Heaviest Build 39 | 11 29 39 Greatest Support 40 | 20 40 40 Greatest Overweight (x) 1 | . 1 . Average Overweight (x) . | . . . Largest Inventory Capacity 15 | 8 15 15 Average Capacity 14 | 8 14 15 Most Carried 8 | 6 8 7 Average Carried 6 | 6 6 5 Final Capacity 15 | 8 15 15 Final Carried 6 | 6 6 5 Class Distribution -------------------- 86% | Mutant 13% | Scavenger-Mutant Dominant Class ---------------- Mutant | -10/Materials Mutant | -10/Subcaves Resources | -11 -10 -10 ----------- Run | Yrd Mat Sub Matter Collected 516 | 200 122 194 Remotely . | . . . Salvage Created 562 | . 384 178 Parts 40 | . 31 9 Haulers Intercepted 1 | . 1 . Recyclers Shooed . | . . . Parts Field Recycled . | . . . Retrieved Matter . | . . . Parts Self-Destructed 5 | . . 5 Prevented . | . . . Kills | -11 -10 -10 ------- Run | Yrd Mat Sub Combat Hostiles Destroyed 16 | . 11 5 Guns 12 | . 11 1 AOE 4 | . . 4 Classes Destroyed 5 | . 4 1 Hauler 1 | . 1 . Operator 2 | . 2 . Swarmer 6 | . 6 . Grunt 5 | . 5 . Subdweller 5 | . . 5 Best Kill Streak 3 | . 3 2 Combat Bots Only 3 | . 3 2 Max Kills in Single Turn 2 | . 1 2 Gunslinging . | . . . Exploded 2 | . . 2 Melee . | . . . Uniques/NPCs Destroyed . | . . . Combat | -11 -10 -10 -------- Run | Yrd Mat Sub Hostile Shots Fired 122 | . 85 37 Missed 35 | . 23 12 Damage Taken 1062 | . 584 478 Core 258 | . 118 140 Absorbed by Shields . | . . . Core Remaining (%) 100 | 100 . . Volleys Fired 89 | . 67 22 Largest 2 | . 2 2 Hottest 110 | . 70 110 Shots Fired 156 | . 122 34 Gun 144 | . 122 22 Cannon 5 | . . 5 Launcher 7 | . . 7 Special . | . . . Kinetic 87 | . 67 20 Thermal 62 | . 55 7 Explosive 7 | . . 7 Electromagnetic . | . . . Robot Hit Streak 10 | . 10 8 Robot Miss Streak 3 | . 3 3 Penetration Max . | . . . Secondary Targets 1 | . 1 . Max Gunslinging Chain 1 | . 1 . Shots Hit Robots 91 | . 70 21 Core Hits 34 | . 25 9 Critical Kills . | . . . Critical Parts Destroyed . | . . . Critical Strikes 3 | . 2 1 Burn 2 | . 2 . Destroy 1 | . . 1 Melee Attacks 10 | . 10 . Impact . | . . . Slashing 10 | . 10 . Piercing . | . . . Sneak Attacks . | . . . Combat Hostiles . | . . . Follow-up Attacks . | . . . Damage Inflicted 1431 | . 724 707 Guns 972 | . 724 248 Cannons 52 | . . 52 Explosions 407 | . . 407 Melee . | . . . Ramming . | . . . Kinetic 538 | . 290 248 Thermal 486 | . 434 52 Explosive 407 | . . 407 Electromagnetic . | . . . Impact . | . . . Slashing . | . . . Piercing . | . . . Highest Corruption . | . . . Average Corruption . | . . . Corruption Purged . | . . . Corruption Blocked . | . . . Overload Shots . | . . . Overflow Damage . | . . . Projectiles . | . . . Explosions . | . . . Melee . | . . . Knockbacks . | . . . Impact . | . . . Kinetic . | . . . Secondary . | . . . Self-Inflicted Damage 11 | . . 11 Shots 1 | . . 1 Rammed . | . . . Targets Rammed . | . . . Kicked . | . . . Crushed . | . . . Highest Temperature 342 | . 342 . Average Temperature 90 | . 90 . Received Heat Transfer 312 | . 198 114 Siege Activations . | . . . Robots Corrupted . | . . . Combat Hostiles . | . . . Parts Fried . | . . . Impact Corruptions . | . . . Robots Melted . | . . . Combat Hostiles . | . . . Parts Melted 3 | . 3 . Heat Transferred 1517 | . 1443 74 Parts Sabotaged . | . . . Parts Stolen . | . . . Parts Stripped . | . . . Power Chain Reactions . | . . . Alert | -11 -10 -10 ------- Run | Yrd Mat Sub Peak Influence 142 | . 142 . Initial . | . . . Average 81 | . 83 . Maximum Alert Level . | . . . Low Security (%) 100 | 100 100 . Level 1 . | . . . Level 2 . | . . . Level 3 . | . . . Level 4 . | . . . Level 5 . | . . . High Security . | . . . Max Security . | . . . Squads Dispatched 2 | . 2 . Investigation . | . . . Extermination . | . . . Reinforcement 2 | . 2 . Assault . | . . . Garrison . | . . . Intercept . | . . . Searches Triggered . | . . . Construction Impeded . | . . . Haulers Reinforced . | . . . Active Scanning Responses . | . . . Cargo Convoy Interrupts . | . . . Stealth | -11 -10 -10 --------- Run | Yrd Mat Sub Distress Signals . | . . . Communications Jammed . | . . . Distress Signals . | . . . Times Spotted 32 | . 23 9 Peak Tracking Total 5 | . 5 3 Tactical Retreats 1 | . 1 . Traps | -11 -10 -10 ------- Run | Yrd Mat Sub Traps Triggered . | . . . Indirectly . | . . . Trap Hack Attempts . | . . . Triggered . | . . . Disarmed . | . . . Reprogrammed . | . . . Reused . | . . . Traps Extracted . | . . . Installed . | . . . Triggered . | . . . Machines | -11 -10 -10 ---------- Run | Yrd Mat Sub Machines Disabled . | . . . Max in Single Turn . | . . . Machines Repaired . | . . . Machines Dismantled . | . . . Machines Sabotaged . | . . . Overloaded Fab Kills . | . . . Hacking | -11 -10 -10 --------- Run | Yrd Mat Sub Machines Accessed 4 | . 3 1 Terminals 3 | . 3 . Fabricators . | . . . Repair Stations . | . . . Recycling Units . | . . . Scanalyzers . | . . . Garrison Access . | . . . Total Hacks 14 | . 10 4 Successful 9 | . 5 4 Failed 5 | . 5 . Catastrophic . | . . . Database Lockouts . | . . . Manual 5 | . 5 . Terminals 10 | . 10 . Fabricators . | . . . Repair Stations . | . . . Recycling Units . | . . . Scanalyzers . | . . . Garrison Access . | . . . Terminal Hacks 6 | . 2 4 Record 4 | . . 4 Prototype ID Bank 1 | . 1 . Registered Components 1 | . 1 . Fabricator Hacks . | . . . Repair Station Hacks . | . . . Recycling Unit Hacks . | . . . Scanalyzer . | . . . Garrison Access Hacks . | . . . Unauthorized Hacks 3 | . 3 . Terminals 3 | . 3 . Botnet 1 | . 1 . Skim 2 | . 2 . Fabricators . | . . . Repair Stations . | . . . Recycling Units . | . . . Scanalyzers . | . . . Garrison Access . | . . . Data Cores Recovered . | . . . Used . | . . . Hacking Detections 3 | . 3 . Full Trace Events . | . . . Feedback Events . | . . . Feedback Blocked . | . . . Robot Schematics Acquired . | . . . Robots Built . | . . . Authchips . | . . . Time . | . . . Total Robot Build Rating . | . . . Part Schematics Acquired . | . . . Parts Built . | . . . Authchips . | . . . Time . | . . . Total Part Build Rating . | . . . Parts Repaired . | . . . Time . | . . . Parts Recycled . | . . . Recycled Matter . | . . . Retrieved Matter . | . . . Retrieved Components . | . . . Parts Scanalyzed . | . . . Part Schematics Acquired . | . . . Parts Damaged . | . . . Bothacking | -11 -10 -10 ------------ Run | Yrd Mat Sub Used RIF Installer . | . . . Robots Hacked . | . . . Non-combat . | . . . Combat . | . . . Robot Hacks Applied . | . . . Relay Couplers Released . | . . . Fabnet Peak Effective % . | . . . Robots Rewired . | . . . Allies Hacked . | . . . Hacks Repelled . | . . . Allies | -11 -10 -10 -------- Run | Yrd Mat Sub Total Allies . | . . . Largest Group . | . . . Highest-Rated Group . | . . . Highest-Rated Ally . | . . . Total Orders . | . . . Ally Attacks . | . . . Total Damage . | . . . Kills . | . . . Allies Corrupted . | . . . Allies Melted . | . . . Intel | -11 -10 -10 ------- Run | Yrd Mat Sub Robot Analysis Total . | . . . Derelict Logs Recovered 1 | . . 1 Drone Launches . | . . . Drone Recoveries . | . . . Exploration | -11 -10 -10 ------------- Run | Yrd Mat Sub Turns Passed 1982 | 27 1200 755 Spaces Moved 941 | 23 496 422 Core . | . . . Treads 655 | . 233 422 Legs 286 | 23 263 . Wheels . | . . . Hover . | . . . Flight . | . . . Fastest Speed 120 | 120 120 160 Average Speed 166 | 120 173 160 Slowest Speed 190 | 120 190 160 Overloaded Moves . | . . . Propulsion Burnouts . | . . . Robots Hopped . | . . . Cave-ins Triggered . | . . . Exploration Rate (%) 44 | 3 82 48 Regions Visited 2 Branch Regions 1 Pre-discovered Areas . | . . . Known Exits Taken . | . . . Unknown Exits Taken 2 | 1 1 . Scrap Searched . | . . . Spaces Dug 2 | . 2 . Terrain Destroyed 32 | . 2 30 Melee 2 | . 2 . Projectile 1 | . . 1 AOE 29 | . . 29 Terrain Rammed . | . . . Walls Destroyed . | . . . Machines Disabled . | . . . Actions | -11 -10 -10 --------- Run | Yrd Mat Sub Total 1198 | 22 708 468 Wait 131 | . 121 10 Move 939 | 22 495 422 Hop . | . . . Pick Up 3 | . 3 . Fast Attach 6 | . 3 3 Attach 6 | . 2 4 Detach 2 | . . 2 Swap 4 | . 2 2 Drop 8 | . 5 3 Fire 89 | . 67 22 Melee 10 | . 10 . Ram . | . . . Kick . | . . . Crush . | . . . Escape Stasis . | . . . Rewire . | . . . Trap . | . . . Miscellaneous . | . . . Route ------- -11/Scrapyard -10/Materials (discovered 4 exits: [*Mat x2] / [*Min] / *Sub) -10/Subcaves (discovered 1 exit: [*Mat]) History --------- Turn | Location | Event 1 | -11/Scrapyard | Discovered new exit (range 3) 28 | -11/Scrapyard | Entered Materials 236 | -10/Materials | Discovered new exit (range 8) 303 | -10/Materials | Build established: Mutant 773 | -10/Materials | Discovered new exit (range 10) 805 | -10/Materials | Discovered new exit (range 15) 1198 | -10/Materials | Discovered new exit (range 6) 1228 | -10/Materials | Entered Subcaves 1235 | -10/Subcaves | Learned Materials emergency access door positions 1302 | -10/Subcaves | A swath of the cavern ceiling suddenly collapsed 1368 | -10/Subcaves | Visited Clippyterm 1373 | -10/Subcaves | Learned Factory stockpile data 1410 | -10/Subcaves | Core integrity fell below 50% 1552 | -10/Subcaves | Ambushed by Subdwellers from Twisted Machinery 1634 | -10/Subcaves | Ambushed by Subdwellers from Twisted Machinery 1658 | -10/Subcaves | Core integrity fell below 20% 1693 | -10/Subcaves | Discovered new exit (range 6) 1983 | -10/Subcaves | Destroyed by Y-45 Defender with Beam Rifle Last Messages --------------- 01670_ Acquired 25 matter. 01675_ Acquired 10 matter. 01693_ EXIT=FOUND 01783_ Sub. Optics shoots sparks and powers down. 01784_ Dropped Broken Sub. Optics. 01817_ Sub. Power Source shoots sparks and powers down. 01818_ Dropped Broken Sub. Power Source. 01829_ ZH-WFD(u) tweaks Twisted Machinery. 01950_ Subatomizers dissect the Disposable Heat Sink. 01952_ Sub. Power Source shoots sparks and powers down. 01952_ Dropped Broken Sub. Power Source. 01952_ Acquired 14 matter. 01960_ Subatomizers dissect the Disposable Heat Sink. 01975_ Destroyed Heat Sink. 01981_ Destroyed Aluminum Leg. Map ----- +----------------------------------------------------+ | ?????????????????????????????????????????????????? | | ?????????????????????????????????????????????????? | | ?????????????????????????????????????????????????? | | ?????????????????????????????????????????????????? | | ?????????????????????????????????????????????????? | | ?????????????????????????????????????????????????? | | ?????????????????????????????????????????????????? | | ?????????????????????????????????????????????????? | | ?????????????????????????????????????????????????? | | ?????????????????????????????????????????????????? | | ?????????????????????????????????????????????????? | | ?????????????????????????????????????????????????? | | ?????????????????????????????????????????????????? | | ?????????????????????????????????????????????????? | | ???????????????????????????????##?###????????????? | | ???????????????????????????????# ##&### ###?????? | | ????????????????????????????????# !%&%* | | ????????????????????????????????# *##| # #????? | | ????????????????????????######### #??? #???? | | ??????????????????????### ## ##????? #???? | | ??????????????????????# #?##???? #???? | | ??????????????????????# gY# # ## #?????? #??? | | ??????????????????????# g## % # ##?????????? | | ??????????????????????# # #### #?????????? | | ???????????????????##### # ##??## #?????????? | | ???????????????????# # @## ?????# ##?????????? | | ???????????????????# # ?????# #??????????? | | ???????????????????# ## #???## #??????????? | | ???????????????????# ### #### #??????????? | | ??????????????????## ###??# ###??????????? | | ?????????????????## #????### ###????????????? | | ?????????????????# ###????## ##??????????????? | | ?????????????????# #????# ##??????????????? | | ????#########????# #????# #??????????????? | | ????# " " #????### #????# #??????????????? | | ????? " " ???????# #????## #??????????????? | | ?????#" " #??????## #????# #??????????????? | | ?????#" """#?????## #????# ##??????????????? | | ?????#" ""##????# #????## #??????????????? | | ?????# """#????## #????## ##??????????????? | | ?????# """##???## ##???# #####??????????? | | ###### "" """#?### ##??## ##?????????? | | #"" #### ##### ##????????? | | " ## ! ## ####?????? | | ### ##??### | | #?## ### #### # | | ## #??#### ##?# | | ### < #????## ##??## | | #?# ??#####????### | | #?## ## #??????????##### | +----------------------------------------------------+ Best States ------------- Heat Dissipation 25 Energy Generation 15 Energy Capacity 250 Matter Stores 300 Matter Capacity 300 Sight Range 21 Terrain Scan Density 10 Armor Coverage 150 Evasion (%) 55 Recoil Reduction 2 Item Schematics ----------------- None Robot Schematics ------------------ None Fabricated ------------ Nothing Alien Tech Used ----------------- None Achievements -------------- None Challenges ------------ None Game ------ Seed UtilityAssembledMediator Manual? 0 Play Time 00:12:03 Cumulative 82.9 hours Start 2024.11.08 @ 09:33:25 End 2024.11.08 @ 09:46:14 Sessions 1 Manual Loads 0 Difficulty Rogue Special Mode None Game No. 65 Rogue 47 Adventurer 16 Explorer 2 Win Type - Total 3 Types 3/0/0/0/0/0/0/0/0 Lore% 15 Gallery% 52 Achievement% 49 Wizard Run 0 Options --------- Layout 2 ASCII 0 Keyboard 0 Movement Numpad Keybinds 1 Fullscreen 2 Font 24/Terminus Map View 50x44 Zoom Use 0% Tactical HUD 1 Map Filters NONE Filters NONE Steam 1 RUN: 8b4d9397-e1f6-4543-ad21-f654fb221138